 Dungeon Crawl Stone Soup version 0.28.0-53-g5a82cb258f (webtiles) character file.

Game seed: 2234109849661257580

104 DocClef the Magician (level 4, -1/32 HPs)
             Began as a Gnoll Hedge Wizard on July 15, 2022.
             Killed by divine providence
             ... invoked by an orc priest
              (8 damage)
             ... on level 4 of the Dungeon on July 16, 2022.
             The game lasted 00:03:35 (3141 turns).

DocClef the Magician (Gnoll Hedge Wizard)           Turns: 3141, Time: 00:03:36

Health: -1/32      AC:  6    Str: 14    XL:     4   Next: 80%
Magic:  12/13      EV: 13    Int: 15    God:
Gold:   130        SH:  0    Dex: 11    Spells: 11/17 levels left

rFire   . . .      SeeInvis .   a - +0 dagger
rCold   . . .      Faith    .   (no shield)
rNeg    . . .      Spirit   .   b - +0 robe
rPois   .          Reflect  .   c - +0 hat
rElec   .          Harm     .   i - +0 cloak of the Realm of Zot {Str+4}
rCorr   .          Rampage  .   (no gloves)
Will    .....                   k - +2 pair of boots
Stlth   ++........              (no amulet)
HPRegen 0.10/turn               (no ring)
MPRegen 0.13/turn               (no ring)

@: no status effects
A: fangs 1, strong nose, distributed training
a: no special abilities


You were on level 4 of the Dungeon.
You visited 1 branch of the dungeon, and saw 4 of its levels.

You collected 130 gold pieces.

Inventory:

Hand Weapons
 a - a +0 dagger (weapon)
Armour
 b - a +0 robe (worn)
 c - a +0 hat (worn)
 i - the +0 cloak of the Realm of Zot (worn) {Str+4}
   (You found it on level 2 of the Dungeon)

   Str:       It affects your strength (+4).
 k - a +2 pair of boots (worn)
Jewellery
 d - an amulet of regeneration
Scrolls
 e - 2 scrolls of fog {unknown}
 g - 4 scrolls of blinking {unknown}
 h - 2 scrolls of brand weapon {unknown}
 j - a scroll of identify {unknown}
 l - a scroll of fear {unknown}
 m - a scroll of acquirement {unknown}
Potions
 f - a potion of curing {unknown}


   Skills:
 + Level 1.2 Fighting
 + Level 1.2 Short Blades
 + Level 1.2 Long Blades
 + Level 1.2 Axes
 + Level 1.2 Maces & Flails
 + Level 1.2 Polearms
 + Level 1.2 Staves
 + Level 1.2 Slings
 + Level 1.2 Bows
 + Level 1.2 Crossbows
 + Level 1.2 Throwing
 + Level 1.2 Armour
 + Level 4.7 Dodging
 + Level 4.3 Stealth
 + Level 1.2 Shields
 + Level 1.2 Unarmed Combat
 + Level 7.2 Spellcasting
 + Level 2.3 Conjurations
 + Level 1.0 Hexes
 + Level 2.3 Summonings
 + Level 1.0 Necromancy
 + Level 2.3 Translocations
 + Level 1.0 Transmutations
 + Level 1.0 Fire Magic
 + Level 1.0 Ice Magic
 + Level 1.0 Air Magic
 + Level 1.0 Earth Magic
 + Level 1.0 Poison Magic
 + Level 1.3 Invocations
 + Level 1.2 Evocations


You had 11 spell levels left.
You knew the following spells:

 Your Spells              Type           Power      Damage    Failure   Level
a - Magic Dart            Conj           48%        1d5       4%          1
b - Blink                 Tloc           24%        N/A       8%          2
c - Call Imp              Summ           12%        N/A       8%          2
d - Slow                  Hex            32%        N/A       9%          1

Your spell library contained the following spells:

 Spells                   Type           Power      Damage    Failure   Level
 Conjure Flame            Conj/Fire      10%        6-21      21%         3
 Mephitic Cloud           Conj/Pois/Air  9%         N/A       22%         3


Dungeon Overview and Level Annotations

Branches:
Dungeon (4/15)
 Temple: D:4-7

Altars:

Shops:
D:1 [

Annotations:
D:3 Sigmund
D:4 1 runed translucent door, Crazy Yiuf


Innate Abilities, Weirdness & Mutations

You have very sharp teeth.
Your uncanny sense of smell can sniff out nearby items.
Your experience applies equally to all skills.


Message History

The kobold is heavily wounded.
The magic dart hits the kobold but does no damage.
The kobold is heavily wounded.
The magic dart hits the kobold.
You kill the kobold!
An orc wizard comes into view. It is wielding a +0 dagger.
An orc wizard is nearby!
An orc wizard is nearby!
The magic dart hits the orc wizard.
The orc wizard is moderately wounded.
The magic dart hits the orc wizard but does no damage.
The orc wizard is moderately wounded.
An orc priest comes into view. It is wielding a +0 hand axe.
A hobgoblin comes into view.
The orc wizard points at you and mumbles some strange words.
You are confused.
You hear a shout!
You bump into the rock wall.
The orc priest shouts!
The orc wizard mumbles some strange words.
The orc wizard flickers and vanishes!
Deactivating autopickup; reactivate with Ctrl-A.
You bump into the rock wall.
A magic dart appears from out of thin air!
The magic dart hits you. 2 orcs come into view.
The orc shouts! x2
You bump into the rock wall.
You feel less confused.
A puff of flame appears from out of thin air!
The puff of flame hits you.
The orc priest mumbles some strange prayers to Beogh against you.
Pain shoots through your body!
A magic dart appears from out of thin air!
The magic dart hits you.
* * * LOW HITPOINT WARNING * * *
The orc priest looks encouraged for a moment.
The orc priest calls down the wrath of Beogh upon you.
Beogh smites you!
You die...

#...# #..# #8.8#
#..# #...# #.[#
#8.8#######..#
##.......#
#...###### #...#
#...#######
#).@....#.### ###
#.....PP.#..##...#
##....PP####.+...#
#.....## ###..)#
#..#### ### ∆ #..#
∆ #{o# ##.g######
#........#


You could see an orc priest and a hobgoblin.

Vanquished Creatures
  A jelly (D:3)
  2 adders (D:2)
  A dart slug (D:3)
  An orc (D:3)
  2 endoplasms (D:2)
  3 giant cockroaches
  3 goblins (D:1)
  3 hobgoblins
  6 jackals (D:1)
  A quokka (D:2)
  7 ball pythons
  5 bats
  4 frilled lizards
  7 kobolds
  A quokka skeleton (D:2)
  5 rats (D:1)
52 creatures vanquished.

Notes
Turn   | Place    | Note
-------+----------+-------------------------------------------
     0 | D:1      | DocClef the Gnoll Hedge Wizard began the quest for the Orb.
     0 | D:1      | Reached XP level 1. HP: 13/13 MP: 8/8
   326 | D:1      | Reached XP level 2. HP: 13/19 MP: 10/10
   329 | D:1      | Learned a level 2 spell: Blink
   332 | D:1      | Learned a level 2 spell: Call Imp
   334 | D:1      | Learned a level 1 spell: Slow
   756 | D:1      | Found a faded altar of an unknown god.
   919 | D:1      | Found Harik's Antique Armour Boutique.
   949 | D:1      | Reached XP level 3. HP: 25/25 MP: 8/11
  1533 | D:2      | Reached skill level 1 in Invocations
  1988 | D:2      | Reached skill level 1 in Fighting
  1988 | D:2      | Reached skill level 1 in Short Blades
  1988 | D:2      | Reached skill level 1 in Long Blades
  1988 | D:2      | Reached skill level 1 in Axes
  1988 | D:2      | Reached skill level 1 in Maces & Flails
  1988 | D:2      | Reached skill level 1 in Polearms
  1988 | D:2      | Reached skill level 1 in Staves
  1988 | D:2      | Reached skill level 1 in Slings
  1988 | D:2      | Reached skill level 1 in Bows
  1988 | D:2      | Reached skill level 1 in Crossbows
  1988 | D:2      | Reached skill level 1 in Throwing
  1988 | D:2      | Reached skill level 1 in Armour
  1988 | D:2      | Reached skill level 1 in Shields
  1988 | D:2      | Reached skill level 1 in Unarmed Combat
  1988 | D:2      | Reached skill level 1 in Evocations
  1992 | D:2      | Identified the +0 cloak of the Realm of Zot {Str+4}
  2085 | D:2      | Reached XP level 4. HP: 30/32 MP: 5/13
  2478 | D:3      | Reached skill level 1 in Hexes
  2478 | D:3      | Reached skill level 1 in Necromancy
  2478 | D:3      | Reached skill level 1 in Transmutations
  2478 | D:3      | Reached skill level 1 in Fire Magic
  2478 | D:3      | Reached skill level 1 in Ice Magic
  2478 | D:3      | Reached skill level 1 in Air Magic
  2478 | D:3      | Reached skill level 1 in Earth Magic
  2478 | D:3      | Reached skill level 1 in Poison Magic
  2901 | D:3      | Noticed Sigmund
  3088 | D:4      | Found a runed translucent door.
  3089 | D:4      | Noticed Crazy Yiuf
  3141 | D:4      | Killed from afar by an orc priest

Illustrated notes

Levels and vault maps discovered:
D:1:      shiori_arrival_maze, layout_loops_ring,
          hellmonk_ecumenical_altar_arch_garden, serial_shops,
          nicolae_shop_hallway_plus, amcnicky_mini_rare_corridor_liquid,
          minmay_misc_feat_enclosed
D:2:      layout_basic
D:3:      layout_loops_ring, minmay_misc_feat_plants,
          chequers_serial_rivers_large_b, minivault_14, uniq_sigmund
D:4:      layout_loops_ring, lemuel_doored_altar, chequers_avenue, uniq_ijyb,
          uniq_duvessa, uniq_crazy_yiuf_cottage

Skill      XL: |  1  2  3  4 |
---------------+-------------+-----
Conjurations   | 2 |  2.3
Summonings     | 2 |  2.3
Translocations | 2 |  2.3
Invocations    | 1 |  1.3
Fighting       | 1 |  1.2
Short Blades   | 1 |  1.2
Long Blades    | 1 |  1.2
Axes           | 1 |  1.2
Maces & Flails | 1 |  1.2
Polearms       | 1 |  1.2
Staves         | 1 |  1.2
Slings         | 1 |  1.2
Bows           | 1 |  1.2
Crossbows      | 1 |  1.2
Throwing       | 1 |  1.2
Armour         | 1 |  1.2
Shields        | 1 |  1.2
Unarmed Combat | 1 |  1.2
Evocations     | 1 |  1.2
Hexes          | 1 |  1.0
Necromancy     | 1 |  1.0
Transmutations | 1 |  1.0
Fire Magic     | 1 |  1.0
Ice Magic      | 1 |  1.0
Air Magic      | 1 |  1.0
Earth Magic    | 1 |  1.0
Poison Magic   | 1 |  1.0
Dodging        | |  4.7
Stealth        | |  4.3
Spellcasting   | |  7.2

Action                   |  1- 3 |  4- 6 || total
-------------------------+-------+-------++-------
Melee: Dagger            |    46 |     4 ||    50
       Bite              |     3 |       ||     3
 Cast: Magic Dart        |    88 |    28 ||   116
 Stab: Sleeping          |     1 |       ||     1
Armor: Robe              |    17 |     5 ||    22
Dodge: Dodged            |    46 |     6 ||    52
